Map: Neon Violet Square LE

Players

LoremIpsum - Winner!

  • Race: Terran Terran
  • League: Silver
  • Spawn Location: 5:00

Defeated

  • Race: Zerg Zerg
  • League: Silver
  • Spawn Location: 11:00

VOD

Have the link to the VOD?

Description

Time

  • Played on: Feb. 17, 2018, 3:27 p.m.
  • Length: 7:14
Show
View Real Time Build Order
Export as new Build Order

LoremIpsum Terran - Winner!

Build Orders:  

Get SALT Encoding   

  12  0:01  SCV  
  13  0:13  SCV  
  14  0:21  Supply Depot  
  14  0:25  SCV  
  15  0:42  SCV  
  16  0:44  Barracks  
  16  0:49  Supply Depot  
  16  0:54  SCV  
  17  0:59  Refinery  
  17  1:06  SCV  
  18  1:18  SCV  
  19  1:31  SCV  
  20  1:43  SCV  
  20  1:44  Reaper  
  22  1:48  Command Center  
  22  2:08  SCV  
  22  2:09  Refinery  
  23  2:16  Marine  
  23  2:20  Factory, SCV  
  25  2:33  Marine, SCV  
  27  2:45  SCV  
  28  2:51  Marine  
  28  2:53  Supply Depot  
  28  2:57  SCV  
  30  2:59  Supply Depot  
  31  3:15  Refinery  
  31  3:18  Orbital Command  
  31  3:19  Orbital Command  
  30  3:20  Factory Tech Lab  
  30  3:21  Marine  
  31  3:39  Starport, Marine  
  32  3:45  Siege Tank  
  32  3:48  SCV  
  36  3:57  Marine  
  37  4:10  SCV x2  
  37  4:15  Marine  
  37  4:16  Engineering Bay  
  39  4:17  Siege Tank  
  39  4:22  SCV  
  39  4:23  SCV  
  44  4:33  Supply Depot, Marine  
  44  4:35  Supply Depot, Medivac, SCV  
  48  4:40  Supply Depot  
  48  4:50  Marine  
  49  4:53  Missile Turret  
  49  4:54  Missile Turret  
  49  4:59  Missile Turret  
  49  5:05  Medivac  
  51  5:08  Marine  
  51  5:12  Siege Tank  
  55  5:14  SCV x2  
  55  5:18  Liberator  
  56  5:32  Marine  
  56  5:35  SCV x2  
  59  5:41  Supply Depot  
  59  5:42  Supply Depot x2  
  62  5:44  Refinery  
  62  5:45  Refinery  
  62  5:47  SCV x2  
  64  5:50  Marine  
  64  5:52  Engineering Bay  
  65  5:59  SCV x2  
  67  6:08  Marine  
  68  6:11  SCV x2  
  70  6:24  Siege Tank  
  73  6:25  Marine  
  73  6:32  Barracks  
  74  6:33  Barracks  
  74  6:36  Barracks  
  74  6:43  Marine  
Show
View Real Time Build Order
Export as new Build Order

Defeated Zerg 

Build Orders: Pool First 

Get SALT Encoding   

  12  0:02  Drone  
  13  0:13  Overlord  
  13  0:23  Drone  
  14  0:32  Drone x2  
  14  0:35  Drone  
  17  0:46  Drone  
  18  0:57  Spawning Pool  
  18  1:00  Drone, Extractor  
  17  1:07  Drone  
  18  1:27  Drone  
  18  1:29  Drone  
  20  1:41  Hatchery  
  19  1:49  Queen  
  19  1:52  Zergling x2  
  22  2:05  Overlord x2  
  22  2:10  Metabolic Boost  
  22  2:26  Drone x2  
  24  2:30  Queen  
  25  2:51  Extractor  
  25  2:54  Drone x3  
  27  3:00  Drone  
  28  3:06  Queen  
  30  3:28  Drone x3  
  30  3:31  Zergling x6  
  36  3:49  Lair  
  36  3:59  Roach Warren, Drone  
  36  4:01  Overlord x3  
  36  4:20  Drone x5  
  36  4:21  Drone x4  
  45  4:33  Hatchery  
  44  4:46  Extractor  
  44  4:47  Extractor, Drone x4  
  44  4:50  Evolution Chamber  
  45  5:12  Glial Reconstitution  
  45  5:25  Zergling x2  
  45  5:28  Zergling x2  
  47  5:45  Drone x2  
  47  5:47  Drone x5  
  47  5:48  Drone  
  55  6:15  Roach  
  55  6:16  Roach x6  
  66  6:19  Overlord x3  
  66  6:37  Roach x2  
  66  6:38  Roach  
  66  6:39  Roach x8  
  69  6:54  Zergling x6  
  69  6:55  Zergling x2  
Tags
 
Add a new tag
Caveats
  • Supply blocks, unpowered buildings, or Contaminate may cause inaccurate times.
  • Supply counts are checked every 10 seconds.